 Dungeon Sprint DCSS version 0.21.1-1-g345015f (webtiles) character file.

7693 Fang the Warrior (level 11, -18/121 HPs)
             Began as a Gargoyle Berserker on June 11, 2018.
             Was the Champion of Trog.
             Demolished by an azure jelly (34 damage)
             ... in the Dungeon (Sprint V: "Ziggurat Sprint").
             The game lasted 00:06:30 (1426 turns).

Fang the Warrior (Gargoyle Berserker)               Turns: 1426, Time: 00:06:31

Health: -18/121    AC: 12    Str: 28    XL:     11   Next: 19%
Magic:  11/11      EV: 15    Int: 11    God:    Trog [******]
Gold:   0          SH:  0    Dex: 15    Spells: 10/10 levels left

rFire    + . .     SeeInvis .   M - +10 war axe "Ceneap" {venom, *Slow rElec rPois MR+}
rCold    . . .     Gourm    .   (no shield)
rNeg     + + +     Faith    .   a - +1 scale mail {rC+}
rPois    ∞         Spirit   .   (no helmet)
rElec    +         Reflect  .   S - +1 cloak
rCorr    .         Harm     .   (no gloves)
MR       +....     NoTele   +   (no boots)
Stlth    ..........             (no amulet)
HPRegen  0.30/turn              L - ring "Iliychow" {+Blink rElec rN+ Stlth+}
MPRegen  0.12/turn              j - ring of the Tormentor {Fire rN+ Int+2 Dex+6}

@: berserking (expiring), corroded, slightly contaminated, studying Short
Blades, very quick
A: negative energy resistance 1, electricity resistance, unbreathing,
petrification resistance, rot immunity, AC +8
a: Berserk, Trog's Hand, Brothers in Arms, Burn Spellbooks, Renounce Religion,
Evoke Blink


You were in the Dungeon.
You worshipped Trog.
Trog was exalted by your worship.
You were hungry.

You visited 1 branch

Inventory:

Hand Weapons
 k - a +5 executioner's axe of protection
 l - a +5 demon trident
 C - a +6 hand axe of freezing
 G - the +4 battleaxe of Equivalence {antimagic, rN+}
   (You found it in the Dungeon)

   It reduces the magical energy of the wielder, and disrupts the spells and
   magical abilities of those hit.
   Natural abilities and divine invocations are not affected.
   It protects you from negative energy.
 M - the +10 war axe "Ceneap" (weapon) {venom, *Slow rElec rPois MR+}
   (Trog gifted it to you in the Dungeon)

   It poisons the flesh of those it strikes.
   It insulates you from electricity.
   It protects you from poison.
   It affects your resistance to hostile enchantments.
   It may slow you when you take damage.
 Q - a +4 antimagic executioner's axe
Missiles
 D - 3 javelins of returning (quivered)
Armour
 a - a +1 scale mail of cold resistance (worn)
 S - a +1 cloak (worn)
 V - the +0 Maxwell's etheric cage {RegenMP+ *Contam rElec MP+4}
   (You found it in the Dungeon)

   It insulates you from electricity.
   It affects your magic capacity (+4).
   It causes magical contamination when unequipped.
Jewellery
 j - the ring of the Tormentor (right hand) {Fire rN+ Int+2 Dex+6}
   (You found it in the Dungeon)

   [ring of fire]

   It enhances your fire magic.
   It affects your intelligence (+2).
   It affects your dexterity (+6).
   It protects you from fire.
   It makes you vulnerable to cold.
   It protects you from negative energy.
 L - the ring "Iliychow" (left hand) {+Blink rElec rN+ Stlth+}
   (You found it in the Dungeon)

   [ring of positive energy]

   It insulates you from electricity.
   It protects you from negative energy.
   It lets you blink.
   It makes you more stealthy.
 T - a +6 ring of protection
 U - the ring "Cedir" {*Drain rElec rF- Dex+5 Stlth-}
   (You found it in the Dungeon)

   [ring of loudness]

   It affects your dexterity (+5).
   It makes you vulnerable to fire.
   It insulates you from electricity.
   It causes draining when unequipped.
   It makes you less stealthy.
Wands
 x - a wand of disintegration (7)
 y - a wand of iceblast (7)
 z - a wand of acid (7)
Scrolls
 i - 4 scrolls of blinking
 m - 7 scrolls of fog
 n - 2 scrolls of holy word
 o - 5 scrolls of identify
 p - 5 scrolls of remove curse
 q - 2 scrolls of fear
 H - 4 scrolls of enchant weapon
 K - a scroll of brand weapon
Potions
 d - 10 potions of curing
 e - 11 potions of heal wounds
 f - 10 potions of haste
 g - 7 potions of magic
 h - 3 potions of berserk rage
 r - 2 potions of brilliance
 s - 2 potions of invisibility
 t - 4 potions of resistance
 u - a potion of experience
 v - 5 potions of agility
 w - 6 potions of might
 P - a potion of flight {unknown}
Books
 b - a book of Battle

   Spells                             Type                      Level
   a - Infusion                       Charms                       1
   b - Shroud of Golubria             Charms/Translocation         2
   c - Song of Slaying                Charms                       2
   d - Spectral Weapon                Hexes/Charms                 3
   e - Regeneration                   Charms/Necromancy            3
   Trog disapproves of the use of such an item.
 A - Wodafidgh's Almanac of Translocation
   (You found it in the Dungeon)

   Spells                             Type                      Level
   a - Portal Projectile              Hexes/Translocation          3
   b - Gell's Gravitas                Translocation                3
   c - Lesser Beckoning               Translocation                3
   d - Teleport Other                 Translocation                3
   e - Controlled Blink               Translocation                8
   Trog disapproves of the use of such an item.
 B - a book of Callings

   Spells                             Type                      Level
   a - Summon Small Mammal            Summoning                    1
   b - Call Imp                       Summoning                    2
   c - Call Canine Familiar           Summoning                    3
   d - Summon Guardian Golem          Hexes/Summoning              3
   e - Summon Lightning Spire         Summoning/Air                4
   f - Summon Ice Beast               Ice/Summoning                4
   Trog disapproves of the use of such an item.
 E - a book of Flames

   Spells                             Type                      Level
   a - Flame Tongue                   Conjuration/Fire             1
   b - Throw Flame                    Conjuration/Fire             2
   c - Conjure Flame                  Conjuration/Fire             3
   d - Inner Flame                    Hexes/Fire                   3
   e - Sticky Flame                   Conjuration/Fire             4
   f - Fireball                       Conjuration/Fire             5
   Trog disapproves of the use of such an item.
 F - the Compendium of Noxious Heat
   (You found it in the Dungeon)

   Spells                             Type                      Level
   a - Poisonous Vapours              Poison/Air                   2
   b - Mephitic Cloud                 Conjuration/Poison/Air       3
   c - Ignite Poison                  Fire/Transmutation/Poison    3
   d - Olgreb's Toxic Radiance        Poison                       4
   e - Ignition                       Fire                         8
   Trog disapproves of the use of such an item.
 I - a manual of Short Blades
 J - a book of Frost

   Spells                             Type                      Level
   a - Freeze                         Ice                          1
   b - Throw Frost                    Conjuration/Ice              2
   c - Ozocubu's Armour               Charms/Ice                   3
   d - Throw Icicle                   Conjuration/Ice              4
   e - Summon Ice Beast               Ice/Summoning                4
   Trog disapproves of the use of such an item.
 N - a Grand Grimoire

   Spells                             Type                      Level
   a - Monstrous Menagerie            Summoning                    7
   b - Summon Greater Demon           Summoning                    7
   c - Malign Gateway                 Summoning/Translocation      7
   d - Summon Horrible Things         Summoning                    8
   Trog disapproves of the use of such an item.
 O - a book of Enchantments

   Spells                             Type                      Level
   a - Cause Fear                     Hexes                        4
   b - Yara's Violent Unravelling     Hexes/Transmutation          5
   c - Silence                        Hexes/Air                    5
   d - Deflect Missiles               Charms/Air                   6
   e - Discord                        Hexes                        8
   Trog disapproves of the use of such an item.
Comestibles
 c - 5 rations
 R - 16 chunks of flesh


   Skills:
 + Level 15.0 Fighting
 + Level 11.7(13.8) Axes
 + Level 12.4(14.1) Polearms
 + Level 11.5 Armour
 + Level 7.8 Dodging
 + Level 0.7 Stealth


You had 10 spell levels left.
You didn't know any spells.

Dungeon Overview and Level Annotations

Branches:
Dungeon (1/1)

Altars:
Ashenzari
Cheibriados
Dithmenos
Elyvilon
Fedhas
Gozag
Hepliaklqana
Kikubaaqudgha
Makhleb
Nemelex Xobeh
Okawaru
Qazlal
Ru
Sif Muna
Trog
Uskayaw
Vehumet
Wu Jian
Xom
Yredelemnul
Zin
The Shining One
Beogh
Jiyva
Lugonu

Annotations:
D 1 transporter


Innate Abilities, Weirdness & Mutations

You are resistant to torment.
Your stone body is resilient. (AC +8)
You are immune to poison.
You resist negative energy. (rN+)
You are resistant to electric shocks. (rElec)
You can survive without breathing.
You are immune to petrification.
You are immune to rotting.


Message History

You slash the azure jelly!
The azure jelly is lightly wounded.
You slash the death ooze! The azure jelly hits you.
The azure jelly freezes you!!!
* * * LOW HITPOINT WARNING * * *
The azure jelly hits you but does no damage.
The azure jelly closely misses you.
The azure jelly hits you but does no damage.
You are too injured to fight recklessly!
Unknown command.
Unknown command.
You are too injured to fight recklessly!
Unknown command.
You are too injured to fight recklessly!
You closely miss the azure jelly.
The azure jelly is lightly wounded.
You slash the death ooze! The azure jelly hits you.
* * * LOW HITPOINT WARNING * * *
The azure jelly freezes you!!
You die...

▓▓▓▓▓▓▓▓▓▓▓▓▓▓▓▓▓▓▓
▓...8©8...▓...8©8...▓
▓..)})[)..▓..)).|[..▓
▓..)=J))..▓.....)|..▓
▓..J.JJ...▓.........▓
▓....G....▓.........▓
▓..JJJ....▓...[.....▓
▓....JJ...▓...)))...▓
▓....@....▓.▓.))).▓.▓
▓.▓.....▓.▓....©....▓
▓....©....▓▓▓▓▓▓▓▓▓▓▓
▓▓▓▓▓▓▓▓▓▓▓


You could see 2 acid blobs, an azure jelly, a slime creature, an eye of
devastation, a death ooze and 4 jellies.

Vanquished Creatures
  A bone dragon (D)
  Erolcha (D)
  Erica (D)
  2 draconians (D)
  2 toenail golems (D)
  A gargoyle (D)
  Sigmund (D)
  An air elemental (D)
  2 insubstantial wisps (D)
  Edmund (D)
  4 hell hounds (D)
  Duvessa (D)
  4 black bears (D)
  A phantom (D)
  2 wolves (D)
  Blork the orc (D)
  Dowan (D)
  4 earth elementals (D)
  3 wights (D)
  2 crimson imps (D)
  An iron imp (D)
  Crazy Yiuf (D)
  Jessica (D)
  A shadow imp (D)
  An ufetubus (D)
  An adder zombie (D)
  A bat skeleton (D)
  3 bat zombies (D)
  A jackal skeleton (D)
  2 jackal zombies (D)
  2 leopard gecko skeletons (D)
  A leopard gecko zombie (D)
52 creatures vanquished.

Vanquished Creatures (others)
  2 insubstantial wisps (D)
2 creatures vanquished.

Grand Total: 54 creatures vanquished

Notes
Turn   | Place    | Note
-------+----------+-------------------------------------------
     0 | D        | Found the +6 Majin-Bo {vamp, Archmagi MP+6 Int+6}
     0 | D        | Found the +7 great mace "Firestarter" {inner flame, rF++}
     0 | D        | Fang the Gargoyle Berserker began the quest for the Orb.
     0 | D        | Reached XP level 1. HP: 14/14 MP: 1/1
     3 | D        | Found a blossoming altar of Fedhas.
     4 | D        | Found a viscous altar of Jiyva.
     4 | D        | Found a hazy altar of Hepliaklqana.
     4 | D        | Found a transporter.
     4 | D        | Found an opulent altar of Gozag.
     4 | D        | Found an ancient bone altar of Kikubaaqudgha.
     4 | D        | Found a corrupted altar of Lugonu.
    10 | D        | Found a burning altar of Makhleb.
    11 | D        | Found a stormy altar of Qazlal.
    11 | D        | Found a sacrificial altar of Ru.
    11 | D        | Found an iron altar of Okawaru.
    11 | D        | Found a deep blue altar of Sif Muna.
    11 | D        | Found a sparkling altar of Nemelex Xobeh.
    11 | D        | Found a bloodstained altar of Trog.
    77 | D        | Entered arena 2.
    77 | D        | Noticed a draconian
    77 | D        | Noticed a draconian
    77 | D        | Found a transporter.
    88 | D        | Killed a draconian
    88 | D        | Reached skill level 9 in Fighting
    88 | D        | Reached skill level 5 in Armour
    88 | D        | Reached XP level 2. HP: 25/27 MP: 2/2
    88 | D        | Reached XP level 3. HP: 31/32 MP: 3/3
    88 | D        | Reached XP level 4. HP: 34/36 MP: 4/4
    88 | D        | Reached XP level 5. HP: 39/41 MP: 5/5
    88 | D        | Reached XP level 6. HP: 45/47 MP: 6/6
    92 | D        | Killed a draconian
    92 | D        | Reached skill level 10 in Fighting
    92 | D        | Reached skill level 5 in Polearms
    92 | D        | Reached XP level 7. HP: 51/53 MP: 7/7
   209 | D        | Entered arena 3.
   209 | D        | Found a transporter.
   213 | D        | Reached ** piety under Trog
   214 | D        | Reached skill level 11 in Fighting
   219 | D        | Reached XP level 8. HP: 60/60 MP: 8/8
   269 | D        | Entered arena 4.
   269 | D        | Found a transporter.
   272 | D        | Reached *** piety under Trog
   285 | D        | Entered arena 5.
   285 | D        | Noticed a bone dragon
   285 | D        | Found a transporter.
   304 | D        | Killed a bone dragon
   304 | D        | Reached **** piety under Trog
   304 | D        | Reached skill level 13 in Fighting
   304 | D        | Reached skill level 10 in Axes
   304 | D        | Reached skill level 10 in Polearms
   304 | D        | Reached skill level 10 in Armour
   304 | D        | Reached XP level 9. HP: 53/68 MP: 9/9
   304 | D        | Reached XP level 10. HP: 57/73 MP: 10/10
   324 | D        | Got the ring of the Tormentor {Fire rN+ Int+2 Dex+6}
   326 | D        | Identified Wodafidgh's Almanac of Translocation
   462 | D        | Entered arena 6.
   462 | D        | Found a transporter.
   467 | D        | Received a gift from Trog
   559 | D        | Entered arena 7.
   560 | D        | Found the +7 Spriggan's Knife {MR+ EV+4 Dex+4 Stlth+}
   560 | D        | Found a transporter.
   562 | D        | Reached ***** piety under Trog
   883 | D        | Entered arena 8.
   884 | D        | Found a transporter.
   886 | D        | Received a gift from Trog
   888 | D        | Reached skill level 14 in Fighting
   915 | D        | Got the ring "Iliychow" {+Blink rElec rN+ Stlth+}
   931 | D        | Got a translucent war axe {god gift}
   932 | D        | Identified the +10 war axe "Ceneap" {venom, *Slow rElec rPois MR+} (Trog gifted it to you in the Dungeon)
   943 | D        | Entered arena 9.
   943 | D        | Noticed a toenail golem
   943 | D        | Noticed a gargoyle
   943 | D        | Noticed a toenail golem
   944 | D        | Found a transporter.
   951 | D        | Killed a toenail golem
   952 | D        | Killed a toenail golem
   953 | D        | Received a gift from Trog
   960 | D        | Killed a gargoyle
   972 | D        | Identified the Compendium of Noxious Heat
  1113 | D        | Entered arena 10.
  1117 | D        | Reached ****** piety under Trog
  1119 | D        | Received a gift from Trog
  1124 | D        | Found a transporter.
  1133 | D        | Got the +4 battleaxe of Equivalence {antimagic, rN+}
  1212 | D        | Entered arena 11.
  1212 | D        | Noticed Sigmund
  1212 | D        | Noticed Jessica
  1212 | D        | Noticed Blork the orc
  1212 | D        | Noticed Crazy Yiuf
  1212 | D        | Noticed Dowan
  1212 | D        | Noticed Duvessa
  1212 | D        | Noticed Edmund
  1212 | D        | Noticed Erica
  1212 | D        | Noticed Erolcha
  1213 | D        | Found the +0 Maxwell's etheric cage {RegenMP+ *Contam rElec MP+4}
  1214 | D        | Found a transporter.
  1216 | D        | Killed Duvessa
  1218 | D        | Killed Crazy Yiuf
  1220 | D        | Killed Erolcha
  1220 | D        | Reached XP level 11. HP: 80/80 MP: 11/11
  1221 | D        | Killed Jessica
  1221 | D        | Received a gift from Trog
  1222 | D        | Killed Dowan
  1223 | D        | Killed Erica
  1223 | D        | Killed Edmund
  1223 | D        | Killed Blork the orc
  1225 | D        | Killed Sigmund
  1225 | D        | Received a gift from Trog
  1225 | D        | Reached skill level 15 in Fighting
  1328 | D        | Got the ring "Cedir" {*Drain rElec rF- Dex+5 Stlth-}
  1421 | D        | Entered arena 12.
  1421 | D        | Noticed an acid blob
  1421 | D        | Noticed an azure jelly
  1421 | D        | Noticed a death ooze
  1423 | D        | Noticed an acid blob
  1424 | D        | Found a transporter.
  1426 | D        | Demolished by an azure jelly

Skill      XL: |  1  2  3  4  5  6  7  8  9 10 11 |
---------------+----------------------------------+-----
Fighting       | 9 10 11 13 14 15 | 15.0
Axes           | 7 8 9 10 11 | 11.7
Polearms       | 4 5 10 12 | 12.4
Armour         | 5 6 7 10 11 | 11.5
Dodging        | 3 4 6 7 |  7.8
Stealth        | |  0.7

Action                   |  1- 3 |  4- 6 |  7- 9 | 10-12 || total
-------------------------+-------+-------+-------+-------++-------
Melee: Demon trident     |    10 |     4 |    33 |    48 ||    95
       War axe           |       |       |       |    37 ||    37
Invok: Berserk           |     1 |       |     2 |     3 ||     6
  Use: Scroll            |       |       |     1 |       ||     1
  Eat: Ration            |       |       |       |     2 ||     2
Armor: Shadow dragon sca |     8 |       |    18 |     1 ||    27
       Scale mail        |       |       |       |    55 ||    55
Dodge: Dodged            |     2 |     2 |    23 |    91 ||   118
